 Dungeon Crawl Stone Soup version 0.25-a0-528-g6b7c99946c (webtiles) character file.

Game seed: 18080647645280931310, levelgen mode: classic

1903 EnegeticOcto the Chopper (level 8, -2/76 HPs)
             Began as a Deep Dwarf Fighter on Feb 19, 2020.
             Was a Follower of Makhleb.
             Slain by a seven-headed hydra (9 damage)
             ... on level 8 of the Dungeon.
             The game lasted 00:02:23 (3204 turns).

EnegeticOcto the Chopper (Deep Dwarf Fighter)       Turns: 3204, Time: 00:02:24

Health: -2/76      AC: 12    Str: 23    XL:     8   Next: 94%
Magic:  5/5        EV:  6    Int:  8    God:    Makhleb [*.....]
Gold:   70         SH: 10    Dex: 12    Spells: 7/7 levels left

rFire    . . .     SeeInvis .   f - +1 war axe (vamp)
rCold    . . .     Gourm    .   c - +0 kite shield
rNeg     . . .     Faith    .   m - +0 plate armour
rPois    .         Spirit   .   (no helmet)
rElec    .         Reflect  .   (no cloak)
rCorr    .         Harm     .   (no gloves)
MR       +....                  (no boots)
Stlth    ..........             (no amulet)
HPRegen  0.00/turn              (no ring)
MPRegen  0.09/turn              (no ring)

@: non-regenerating, lightly drained
A: damage resistance, heal wounds, sense surroundings 1, no regeneration
a: Heal Wounds, Renounce Religion


You were on level 8 of the Dungeon.
You worshipped Makhleb.
Makhleb was aware of your devotion.
You were hungry.

You visited 1 branch of the dungeon, and saw 8 of its levels.

You collected 297 gold pieces.
You spent 227 gold pieces at shops.

Inventory:

Hand Weapons
 f - a +1 vampiric war axe (weapon)
Armour
 c - a +0 kite shield (worn)
 m - a +0 plate armour (worn)
Wands
 h - a wand of flame (11)
 n - a wand of paralysis (12)
Scrolls
 b - a scroll of immolation {unknown}
 l - 4 scrolls of remove curse {@r6}
 o - a scroll of amnesia {unknown}
Potions
 d - a potion of degeneration
 g - 2 potions of curing {unknown}
 i - a potion of lignification {unknown}
 j - 2 potions of flight {unknown}
 k - a potion of might {@q3}
Comestibles
 a - a chunk of flesh
 e - 4 rations


   Skills:
 * Level 6.0(5.8) Fighting
 * Level 6.9(6.6) Axes
 + Level 5.6(5.4) Armour
 + Level 4.2(3.9) Dodging
 + Level 5.5(5.3) Shields
 + Level 4.2(3.9) Invocations


You had 7 spell levels left.
You didn't know any spells.
Your spell library contained the following spells:

 Spells                   Type           Power        Failure   Level  Hunger
 Bolt of Magma            Conj/Fire/Erth #.........   100%        5    ######.
 Iskenderun's Battlesphe  Conj/Chrm      #.......     100%        5    ######.
 Iron Shot                Conj/Erth      #.........   100%        6    #######
 Orb of Destruction       Conj           #.........   100%        7    #######
 Spellforged Servitor     Conj/Summ      #.........   100%        7    #######


Dungeon Overview and Level Annotations

Branches:
Dungeon (8/15)             Temple (0/1) D:7
   Lair: D:8-11

Altars:
Gozag
Kikubaaqudgha
Makhleb
Wu Jian
The Shining One

Shops:
D:7 *

Annotations:
D:5 1 runed translucent door
D:7 2 transporters, Eisoptrophobia's ghost, novice FeBe


Innate Abilities, Weirdness & Mutations

You are resistant to damage.
You can heal yourself by infusing magical energy.
You passively map a small area around you.
You do not regenerate.


Message History

The six-headed hydra bites you. The orc hits you but does no damage.
You hit the orc.
You kill the orc!
Makhleb accepts your kill.
You slash the centaur warrior!
You slice one of the six-headed hydra's heads off!
The five-headed hydra grows two more!
You slash the seven-headed hydra!
You feel better.
You are feeling hungry.
The centaur warrior unwields a +0 longbow.
The centaur warrior hits you!
The seven-headed hydra bites you but does no damage. x2
You block the seven-headed hydra's attack.
The seven-headed hydra bites you.
The seven-headed hydra barely misses you.
The seven-headed hydra bites you but does no damage.
You block the seven-headed hydra's attack.
The soul eater draws from the surrounding life force!
The centaur warrior hits you.
You hit the centaur warrior.
The centaur warrior is moderately wounded.
You barely miss the seven-headed hydra.
You block the seven-headed hydra's attack.
The seven-headed hydra barely misses you.
The seven-headed hydra bites you but does no damage.
You block the seven-headed hydra's attack.
The seven-headed hydra bites you.
The seven-headed hydra barely misses you. x2
You block the centaur warrior's attack. The seven-headed hydra bites you!
The seven-headed hydra bites you. The seven-headed hydra bites you!
The seven-headed hydra barely misses you.
The seven-headed hydra bites you but does no damage.
The seven-headed hydra closely misses you.
The seven-headed hydra bites you!
* * * LOW HITPOINT WARNING * * *
The centaur warrior barely misses you.
You are too injured to fight recklessly!
You are too injured to fight recklessly!
You are too injured to fight recklessly!
You are too injured to fight recklessly!
You are too injured to fight recklessly!
You are too injured to fight recklessly!
You are too injured to fight recklessly!
You are too injured to fight recklessly!
You are too injured to fight recklessly!
You are too injured to fight recklessly!
You are too injured to fight recklessly!
You are too injured to fight recklessly!
You are too injured to fight recklessly!
Evoke which item? (* to show all) (? for menu, Esc to quit)
Okay, then.
Okay, then.
Okay, then.
The centaur warrior wields a +0 longbow.
The centaur warrior shoots an arrow.
You block the arrow.
You see here 2 arrows.
You feel much better.
The centaur warrior shoots an arrow.
The arrow hits you!
Your magical essence is drained by the effort!
You feel much better.
The seven-headed hydra barely misses you.
The seven-headed hydra bites you but does no damage.
The seven-headed hydra bites you. The seven-headed hydra bites you!
The seven-headed hydra completely misses you.
You block the seven-headed hydra's attack.
The seven-headed hydra bites you but does no damage.
The centaur warrior shoots an arrow.
The arrow hits you!
Evoke which item? (* to show all) (? for menu, Esc to quit)
Okay, then.
You block the seven-headed hydra's attack.
The seven-headed hydra bites you but does no damage. x2
The seven-headed hydra bites you. x2
The seven-headed hydra completely misses you.
The seven-headed hydra bites you but does no damage.
The centaur warrior unwields a +0 longbow.
The centaur warrior hits you but does no damage.
You block the kobold demonologist's attack.
The soul eater barely misses you.
Items here: )) [ † a +0 flail; a +0 ring mail; a +0 short sword; an orc corpse You hit the centaur warrior.
The centaur warrior is moderately wounded.
You slash the kobold demonologist!
You hit the soul eater but do no damage.
You hit the seven-headed hydra but do no damage.
The centaur warrior hits you! The seven-headed hydra bites you!
* * * LOW HITPOINT WARNING * * *
The seven-headed hydra bites you but does no damage.
You block the seven-headed hydra's attack.
The seven-headed hydra bites you.
* * * LOW HITPOINT WARNING * * *
You block the seven-headed hydra's attack. x2
The seven-headed hydra bites you.
The kobold demonologist gestures wildly while chanting.
The soul eater hits you.
You feel drained. The centaur warrior barely misses you.
The kobold demonologist barely misses you.
The seven-headed hydra bites you!
* * * LOW HITPOINT WARNING * * *
The seven-headed hydra bites you!
You die...

* * * ,
#8'8.........##
,
#..............
* *
#........>...##*
.............# ,
#.....%......# *
##..55....##..
#....cK...../#
#...5D@....# ,
#....3(....# ,
#..........#
#...<......# , ,
##........##
##......## , ,
######## *


You could see a seven-headed hydra, a soul eater, a centaur warrior, a kobold
demonologist, 2 crimson imps and a white imp.

Vanquished Creatures
  Prince Ribbit (D:7)
  Menkaure (D:4)
  2 sky beasts
  A black bear (D:6)
  2 ogres
  A bullfrog (D:6)
  Blork the orc (D:6)
  A scorpion (D:5)
  A wyvern skeleton (D:6)
  2 howler monkeys
  4 crimson imps
  4 hounds
  A jelly (D:7)
  A bullfrog zombie (D:6)
  An orc priest (D:7)
  2 bullfrog skeletons (D:5)
  An orc wizard (D:7)
  Natasha (thrice) (D:4)
  7 worker ants
  2 hound zombies
  2 hound skeletons (D:6)
  5 adders
  A howler monkey skeleton (D:6)
  3 shadow imps
  An ooze (D:4)
  A worm (D:4)
  A dart slug (D:3)
  A leopard gecko (D:7)
  14 orcs
  A bat (D:2)
  A goblin (D:1)
  A hobgoblin (D:1)
  5 jackals
  A kobold (D:2)
  3 quokkas
  A ball python (D:7)
  A rat (D:3)
82 creatures vanquished.

Vanquished Creatures (others)
  An orc wizard (D:8)
  A bush (D:4)
2 creatures vanquished.

Grand Total: 84 creatures vanquished

Notes
Turn   | Place    | Note
-------+----------+-------------------------------------------
     0 | D:1      | EnegeticOcto the Deep Dwarf Fighter began the quest for the
                  | Orb.
     0 | D:1      | Reached XP level 1. HP: 20/20 MP: 1/1
   113 | D:2      | Reached XP level 2. HP: 22/27 MP: 2/2
   139 | D:3      | Noticed a sky beast
   159 | D:3      | Killed a sky beast
   159 | D:3      | Reached skill level 1 in Dodging
   159 | D:3      | Reached XP level 3. HP: 34/34 MP: 2/2
   159 | D:3      | Reached XP level 4. HP: 42/42 MP: 3/3
   496 | D:4      | Noticed Natasha
   515 | D:4      | Killed Natasha
   515 | D:4      | Reached XP level 5. HP: 22/49 MP: 4/4
   576 | D:4      | Noticed Natasha
   592 | D:4      | Killed Natasha
   599 | D:4      | Found an opulent altar of Gozag.
   599 | D:4      | Found an ornate altar of the Wu Jian Council.
   613 | D:4      | Noticed Menkaure
   625 | D:4      | Killed Menkaure
   625 | D:4      | Reached XP level 6. HP: 41/57 MP: 5/5
   746 | D:4      | Noticed Natasha
   791 | D:4      | Killed Natasha
  1011 | D:4      | Found a burning altar of Makhleb.
  1065 | D:4      | Became a worshipper of Makhleb the Destroyer
  1209 | D:5      | Entered Level 5 of the Dungeon
  1260 | D:5      | Reached skill level 1 in Invocations
  1306 | D:5      | Reached XP level 7. HP: 60/66 MP: 6/6
  1503 | D:5      | Reached skill level 5 in Axes
  1609 | D:5      | Found a runed translucent door.
  1925 | D:6      | Reached skill level 5 in Fighting
  1974 | D:6      | Reached skill level 5 in Armour
  1979 | D:6      | Reached XP level 8. HP: 43/74 MP: 6/6
  1992 | D:6      | Noticed Blork the orc
  2008 | D:6      | Killed Blork the orc
  2008 | D:6      | Reached skill level 5 in Shields
  2118 | D:6      | Reached * piety under Makhleb
  2498 | D:7      | Found a staircase to the Ecumenical Temple.
  2557 | D:7      | Noticed Eisoptrophobia's ghost (novice FeBe)
  2561 | D:7      | Noticed a moth of wrath
  2563 | D:7      | Found a transporter.
  2582 | D:7      | Found a transporter.
  2618 | D:7      | Got a sapphire great mace
  2624 | D:7      | Identified the +6 great mace "Wuyluf" {antimagic, *Corrode
                  | Int+4 Dex+6} (You found it on level 7 of the Dungeon)
  2972 | D:7      | Found an ancient bone altar of Kikubaaqudgha.
  2981 | D:7      | Found Asoon's Profane Products.
  2986 | D:7      | Bought a +1 vampiric war axe for 227 gold pieces
  3050 | D:7      | Found a glowing golden altar of the Shining One.
  3078 | D:7      | Noticed Prince Ribbit
  3127 | D:7      | Killed Prince Ribbit
  3189 | D:8      | Noticed a centaur warrior
  3190 | D:8      | Noticed a four-headed hydra
  3194 | D:8      | Noticed a kobold demonologist
  3197 | D:8      | Noticed a soul eater
  3204 | D:8      | Slain by a seven-headed hydra

Levels and vault maps discovered:
D:1:      minmay_arrival_loop, layout_basic
D:2:      layout_loops_corners
D:3:      layout_basic, first_ration, serial_bayou_pond_d,
          minmay_misc_feat_hallway, kennysheep_donut
D:4:      layout_basic, kennysheep_mini, gammafunk_temple_overflow_elements,
          minmay_hedge_maze, minmay_cut_off, uniq_natasha, uniq_menkaure
D:5:      layout_cave_pools, lightli_church_of_beogh
D:6:      layout_basic, uniq_blork_the_orc
D:7:      layout_loops_ring, tso_altar, minmay_temple_entry_large_hall,
          gammafunk_ghost_berserking_beasts, minivault_24, nicolae_evil_shop,
          uniq_prince_ribbit1
D:8:      layout_rooms, david_nohive_1, jmf_multi_god_temple2, uniq_psyche

Skill      XL: |  1  2  3  4  5  6  7  8 |
---------------+-------------------------+-----
Fighting       | 3 4 5 6 |  6.0
Axes           | 3 4 5 6 |  6.9
Dodging        | 1 2 3 4 |  4.2
Armour         | 4 5 |  5.6
Shields        | 4 5 |  5.5
Invocations    | 1 2 4 |  4.2

Action                   |  1- 3 |  4- 6 |  7- 9 || total
-------------------------+-------+-------+-------++-------
Melee: War axe           |    44 |   155 |   256 ||   455
 Abil: Heal Wounds       |     1 |     7 |     8 ||    16
  Use: Scroll            |       |       |     5 ||     5
 Stab: Distracted        |       |     1 |       ||     1
  Eat: Chunk             |       |     2 |     6 ||     8
Armor: Scale mail        |    29 |    61 |    20 ||   110
       Plate armour      |       |       |   128 ||   128
Dodge: Dodged            |    11 |    41 |    67 ||   119
Block: Kite shield       |    24 |    67 |   142 ||   233

Table legend:
 A = Non-vault XP
 B = Vault XP
 C = Vault XP percentage of total XP
 D = Non-vault monster count
 E = Vault monster count
 F = Vault count percentage of total count
                 A         B        C        D         E       F
            +---------+---------+-------+---------+---------+-------
      Total |    2149 |     570 |  21.0 |      77 |       5 |   6.1
            +---------+---------+-------+---------+---------+-------
        D:1 |       4 |       0 |   0.0 |       2 |       0 |   0.0
        D:2 |      17 |       0 |   0.0 |       3 |       0 |   0.0
        D:3 |     161 |       0 |   0.0 |       9 |       0 |   0.0
        D:4 |     123 |     211 |  63.2 |       5 |       3 |  37.5
        D:5 |     578 |       0 |   0.0 |      15 |       0 |   0.0
        D:6 |     869 |      82 |   8.6 |      19 |       1 |   5.0
        D:7 |     253 |     277 |  52.3 |      17 |       1 |   5.6
        D:8 |     144 |       0 |   0.0 |       7 |       0 |   0.0
            +---------+---------+-------+---------+---------+-------
